 Dungeon Crawl Stone Soup version 0.26-a0-648-g87339cca5e (webtiles) character file.

Game seed: 12275813220872940554

224 Colgate the Insei (level 5, 0/48 HPs)
             Began as a Palentonga Monk on Sept 24, 2020.
             Was a Follower of Ru.
             Killed from afar by Ijyb (8 damage)
             ... with a puff of flame
             ... on level 3 of the Dungeon on Sept 25, 2020.
             The game lasted 00:15:00 (2002 turns).

Colgate the Insei (Palentonga Monk)                 Turns: 2002, Time: 00:15:00

Health: 0/48       AC:  5    Str: 14    XL:     5   Next: 67%
Magic:  5/5        EV: 10    Int: 10    God:    Ru [*.....]
Gold:   137        SH:  0    Dex: 14    Spells: 4/4 levels left

rFire    . . .     SeeInvis +     - Unarmed
rCold    . . .     Faith    .   (no shield)
rNeg     . . .     Spirit   .   a - +0 robe
rPois    .         Reflect  .   (no helmet)
rElec    .         Harm     .   (no cloak)
rCorr    .         Rampage  .   g - +0 pair of gloves
MR       .....                  (no barding)
Stlth    ++........             (no amulet)
HPRegen  0.16/turn              (no ring)
MPRegen  0.09/turn              (no ring)

@: no status effects
A: large, rugged brown scales 3, see invisible, deformed body, hated by all,
roll, armoured tail
a: Rolling Charge, Renounce Religion


You were on level 3 of the Dungeon.
You worshipped Ru.
Ru was aware of your devotion.
You visited 1 branch of the dungeon, and saw 3 of its levels.

You collected 137 gold pieces.

Inventory:

Missiles
 c - 59 arrows
 e - 22 bolts
 p - 27 sling bullets
 q - 25 stones (quivered)
 s - 2 boomerangs
Armour
 a - a +0 robe (worn)
 g - a +0 pair of gloves (worn)
Scrolls
 h - 9 scrolls of identify {unknown}
 j - 3 scrolls of remove curse {unknown}
 k - 2 scrolls of amnesia {unknown}
 m - a scroll of blinking {unknown}
Potions
 b - 2 potions of flight {unknown}
 d - a potion of heal wounds {unknown}
 f - 2 potions of curing {unknown}
 i - 2 potions of brilliance {unknown}
 l - 2 potions of degeneration {unknown}
 n - a potion of haste {unknown}
 o - a potion of resistance {unknown}
 r - a potion of stabbing {unknown}


   Skills:
 - Level 3.0 Fighting
 - Level 2.4 Dodging
 - Level 1.2 Stealth
 + Level 6.5 Unarmed Combat


You had 4 spell levels left.
You didn't know any spells.
Your spell library was empty.

Dungeon Overview and Level Annotations

Branches:
Dungeon (3/15)

Altars:
Ashenzari
Ru
Trog
Wu Jian

Annotations:
D:3 Ijyb


Innate Abilities, Weirdness & Mutations

You are completely covered in rugged brown scales. (AC +3, +7% HP)
You have supernaturally acute eyesight. (SInv)
Armour fits poorly on your strangely shaped body.
You are hated by all.
You can roll at foes to attack.
You have a long armoured tail.


Message History

Ijyb is severely wounded.
Ijyb hits you.
* * * LOW HITPOINT WARNING * * *
You hit Ijyb. You tail-slap Ijyb.
Ijyb is almost dead.
Ijyb zaps a wand.
The puff of flame hits you but does no damage.
You barely miss Ijyb.
Ijyb is almost dead.
Ijyb barely misses you.
You closely miss Ijyb.
Ijyb is almost dead.
Ijyb zaps a wand.
The puff of flame hits you.
* * * LOW HITPOINT WARNING * * *
You barely miss Ijyb.
Ijyb is almost dead.
You barely miss Ijyb. Your punch misses Ijyb.
Ijyb is almost dead.
Ijyb zaps a wand.
The puff of flame hits you!
You die...

#.# ######.........#
#.# #............).#
#)###.####..#####..#
##)##...###..# #...
#............# #..#
#÷#.#....##.## #..#
#...##÷#.##.### #..#
###.#...........#
#..#
#...#.@#.......##
####
#.#.#.g###.##.##
#...#..# #....#
#._....# ######
##.....w##
.........#
#####..#.# #..#.#
#..#.#


You could see Ijyb and a worm.

Vanquished Creatures
  A wyvern skeleton (D:3)
  2 orc wizards
  4 adders
  2 worms
  2 dart slugs (D:1)
  2 leopard geckos
  6 orcs (D:3)
  A ball python (D:3)
  A giant cockroach (D:1)
  8 goblins
  5 hobgoblins
  13 jackals
  A quokka (D:3)
  7 bats
  2 frilled lizards
  6 kobolds
  5 rats
68 creatures vanquished.

Vanquished Creatures (others)
  8 toadstools (D:3)
8 creatures vanquished.

Grand Total: 76 creatures vanquished

Notes
Turn   | Place    | Note
-------+----------+-------------------------------------------
     0 | D:1      | Colgate the Palentonga Monk began the quest for the Orb.
     0 | D:1      | Reached XP level 1. HP: 20/20 MP: 1/1
     9 | D:1      | Found a broken altar of Ashenzari.
   149 | D:1      | Reached XP level 2. HP: 26/27 MP: 2/2
   403 | D:2      | Reached skill level 4 in Unarmed Combat
   565 | D:2      | Found a sacrificial altar of Ru.
   566 | D:2      | Reached XP level 3. HP: 33/33 MP: 3/3
   578 | D:2      | Became a worshipper of Ru the Awakened
   581 | D:2      | Gained mutation: You are hated by all. [Ru sacrifice]
   581 | D:2      | Reached * piety under Ru
   751 | D:2      | Found an ornate altar of the Wu Jian Council.
   893 | D:2      | Reached XP level 4. HP: 32/40 MP: 4/4
  1133 | D:2      | Reached skill level 5 in Unarmed Combat
  1696 | D:3      | Reached XP level 5. HP: 43/48 MP: 5/5
  1744 | D:3      | Reached skill level 6 in Unarmed Combat
  1772 | D:3      | Found a bloodstained altar of Trog.
  1949 | D:3      | Noticed Ijyb
  2002 | D:3      | Killed from afar by Ijyb

Illustrated notes

Levels and vault maps discovered:
D:1:      beargit_arrival_greenhouse, layout_basic, ashenzari_altar_1
D:2:      layout_basic, old_standard_altar, nicolae_ru_great_annihilating_truth
D:3:      cheibrodos_fertilizer, layout_loops_ring, bloody_trog, uniq_ijyb

Skill      XL: |  1  2  3  4  5 |
---------------+----------------+-----
Unarmed Combat | 4 5 6 |  6.5
Fighting       | |  3.0
Dodging        | |  2.4
Stealth        | |  1.2

Action                   |  1- 3 |  4- 6 || total
-------------------------+-------+-------++-------
Melee: Unarmed           |    88 |   116 ||   204
       Tailslap          |     7 |    17 ||    24
       Punch             |       |     3 ||     3
Throw: Stone             |     6 |    23 ||    29
Invok: Sacrifice Love    |     1 |       ||     1
 Abil: Rolling Charge    |    37 |    23 ||    60
 Stab: Sleeping          |     1 |       ||     1
Armor: Robe              |    44 |    32 ||    76
Dodge: Dodged            |    45 |    41 ||    86

Table legend: (Time is in decaauts)
 A = Elapsed time spent in this place.
 B = Non-inter-level travel time spent in this place.
 C = Inter-level travel time spent in this place.
 D = Time resting spent in this place.
 E = Time spent auto-exploring this place.
 F = Levels seen in this place.
 G = Mean time per level.
                   A        B        C        D        E       F      G
               +--------+--------+--------+--------+--------+-----+--------+
         Total |   1990 |   1888 |    102 |      0 |   1511 |   3 |  663.3 |
       Dungeon |   1990 |   1888 |    102 |      0 |   1511 |   3 |  663.3 |
               +--------+--------+--------+--------+--------+-----+--------+

Top non-repeatable levels by time:
     D:2: 1015 daAuts
     D:3: 635 daAuts
     D:1: 339 daAuts
